Flyers vs Sharks

Created - February 4, 2017 at 10:16

Goals
1 2 3 T
Flyers 1 1 0 2
Sharks 0 1 0 1
Shots
1 2 3 T
Flyers 16 9 7 32
Sharks 10 10 14 34

1st period

1. Flyers , Jonathan Ericsson 2 (Shawn Matthias, Casey Cizikas) at 7:48

Penalties :
Nikolay Kulemin (SJS) for Holding (Minor) at 14:14

2nd period

2. Flyers , Joel Ward 18 (Ben Hutton, Calle Jarnkrok) at 5:10
3. Sharks , Tom Wilson 5 (Dave Bolland, Andrej Sustr) at 17:47

Penalties :
No Penalty

3rd period

No Goal

Penalties :
Brooks Orpik (PHI) for Hooking (Minor) at 12:50

Goalie Stats

Devan Dubnyk (PHI), 33 saves from 34 shots - (0.971), W, 19-15-1, 60:00 minutes
Ryan Miller (SJS), 30 saves from 32 shots - (0.938), L, 11-19-3, 59:01 minutes

Players Stats for Flyers

Player Name              G  A  P  +/- PIM S  H  SB GA TA FO     MP     PP MP  PK MP  
------------------------------------------------------------------------------------
Alexander Killorn        0  0  0   1  0   3  1  0  0  0  0/0    21:10   0:48   0:00 
Andrew MacDonald         0  0  0   0  0   0  1  0  0  0  0/0    20:40   1:34   0:57 
Ben Hutton               0  1  1   1  0   0  1  0  0  0  0/0    19:48   0:25   0:00 
Brian Gionta             0  0  0  -1  0   3  1  0  0  0  0/0    24:55   0:55   1:02 
Brooks Orpik             0  0  0   0  2   2  5  1  0  0  0/0    18:29   0:00   0:00 
Calle Jarnkrok           0  1  1   1  0   3  0  1  0  0  11/30  21:04   0:00   1:02 
Casey Cizikas            0  1  1   1  0   3  1  0  0  0  10/26  15:23   0:48   0:57 
Chris VandeVelde         0  0  0   0  0   2  0  0  0  0  6/10    8:39   0:00   0:00 
Dan Boyle                0  0  0   0  0   0  2  1  0  0  0/0    19:48   0:25   1:02 
Jean-Gabriel Pageau      0  0  0  -1  0   2  1  0  0  0  11/19  15:56   1:11   0:00 
Joel Ward                1  0  1   1  0   7  1  0  0  0  0/0    20:16   0:33   0:00 
Jonathan Ericsson        1  0  1   2  0   1  1  0  0  0  0/0    14:37   0:00   0:57 
Marcus Johansson         0  0  0   0  0   1  0  0  0  0  0/0     2:03   0:00   0:00 
Matt Hendricks           0  0  0   0  0   2  1  1  0  0  0/0    15:05   0:00   0:57 
Ryan Ellis               0  0  0   0  0   0  0  1  0  0  0/0    19:31   1:34   0:00 
Ryan White               0  0  0   0  0   2  2  0  0  0  0/0     7:52   0:00   0:00 
Shawn Matthias           0  1  1   1  0   1  1  0  0  0  0/1    25:38   1:42   0:00 
Tom Gilbert              0  0  0  -1  0   0  0  0  0  0  0/0     7:06   0:00   1:02 

Players Stats for Sharks

Player Name              G  A  P  +/- PIM S  H  SB GA TA FO     MP     PP MP  PK MP  
------------------------------------------------------------------------------------
Andrej Sustr             0  1  1   1  0   0  1  2  0  0  0/0    20:46   0:52   1:04 
Anze Kopitar             0  0  0  -1  0   6  1  0  0  0  19/28  21:08   1:07   1:32 
Brenden Dillon           0  0  0   0  0   0  4  0  0  0  0/0    16:30   0:00   0:00 
Brooks Laich             0  0  0   1  0   0  0  0  0  0  4/11    8:03   0:00   0:00 
Charlie Coyle            0  0  0  -1  0   5  4  0  0  0  0/0    19:36   1:07   0:00 
Chris Tanev              0  0  0  -2  0   0  0  0  0  0  0/0    22:53   1:07   1:04 
Dave Bolland             0  1  1   1  0   0  0  0  0  0  0/0     8:13   0:00   0:10 
Henrik Zetterberg        0  0  0   0  0   1  0  0  0  0  10/22  17:24   0:52   0:00 
Joffrey Lupul            0  0  0  -1  0   5  1  0  0  0  1/1    13:39   0:00   0:41 
Marc Staal               0  0  0   1  0   0  5  2  0  0  0/0    19:45   0:00   0:55 
Mattias Janmark          0  0  0  -1  0   4  0  0  0  0  0/0    12:58   0:00   0:00 
Nick Bjugstad            0  0  0   0  0   0  1  0  0  0  2/3    17:24   0:52   0:00 
Nikolay Kulemin          0  0  0   0  2   3  3  0  0  0  0/0    17:23   0:52   0:00 
Sam Reinhart             0  0  0  -1  0   4  0  0  0  0  0/1    19:36   1:07   0:00 
Sean Couturier           0  0  0  -1  0   2  0  0  0  0  12/20  14:23   0:00   1:25 
Seth Jones               0  0  0  -2  0   1  3  0  0  0  0/0    22:44   1:07   0:55 
Tom Wilson               1  0  1   1  0   1  1  0  0  0  0/0     8:13   0:00   0:10 
Zbynek Michalek          0  0  0   0  0   2  0  0  0  0  0/0    17:22   0:52   0:00 

3 Stars

1 - Devan Dubnyk (PHI)
2 - Jonathan Ericsson (PHI)
3 - Tom Wilson (SJS)

Power Play

Flyers - 0 on 1 Attempt(s) - 0.00%
Sharks - 0 on 1 Attempt(s) - 0.00%

Penalty Kill

Flyers - 1 on 1 Attempt(s) - 100.00% - Score 0 goal in Penalty Kill
Sharks - 1 on 1 Attempt(s) - 100.00% - Score 0 goal in Penalty Kill

Team Stat

Flyers - Hits : 19 - Faceoff Wins : 38 - Blocked Shots : 5 - Penalty Minutes : 2
Sharks - Hits : 24 - Faceoff Wins : 48 - Blocked Shots : 4 - Penalty Minutes : 2

Official

Referees : Ian Walsh and Mike Leggo
Linesman : Shandor Alphonso and Jay Sharrers

Game Notes

Marcus Johansson is injured at 6:41 of 1st period (Strained Right Knee)

Finance

Level 1 -- Attendance: 6247 (96.11%) -- Ticket Income $624,700
Level 2 -- Attendance: 4735 (94.70%) -- Ticket Income $284,100
Level 3 -- Attendance: 3500 (100.00%) -- Ticket Income $122,500
Level 4 -- Attendance: 1562 (100.00%) -- Ticket Income $31,240
Luxury Box -- Attendance: 914 (91.40%) -- Ticket Income $182,800
Game was played at the SAP center.
Total Attendance: 16958 (96.56%)
Total Ticket Income: $1,245,340
Other Income: $186,801
Total Income: $1,432,141

% Time on Ice - Flyers

Lines # - Real PCT - Wanted PCT - Time Play
Normal Forward
1 - 26% - 32% - 14:45
2 - 35% - 32% - 19:38
3 - 24% - 24% - 13:38
4 - 14% - 12% - 7:52
Normal Defense
1 - 32% - 32% - 17:57
2 - 33% - 32% - 18:21
3 - 24% - 24% - 13:31
4 - 11% - 12% - 6:04
PP Forward
1 - 60% - 50% - 1:11
2 - 40% - 50% - 0:48
PP Defense
1 - 79% - 55% - 1:34
2 - 21% - 45% - 0:25
PK Forward
1 - 52% - 50% - 1:02
2 - 48% - 50% - 0:57
PK Defense
1 - 48% - 55% - 0:57
2 - 52% - 45% - 1:02
PK3 Forward
1 - 0% - 60%
2 - 0% - 40%
PK3 Defense
1 - 0% - 50%
2 - 0% - 50%
44 Forward
1 - 0% - 50%
2 - 0% - 50%
44 Defense
1 - 0% - 50%
2 - 0% - 50%
Last Minute Offensive  - 0:00
Last Minute Defensive  - 0:09
Total
Forward - 60:00
Defense - 60:00

% Time on Ice - Sharks

Lines # - Real PCT - Wanted PCT - Time Play
Normal Forward
1 - 32% - 34% - 17:46
2 - 30% - 31% - 16:32
3 - 23% - 22% - 12:58
4 - 15% - 13% - 8:03
Normal Defense
1 - 36% - 40% - 19:59
2 - 34% - 36% - 18:50
3 - 27% - 24% - 14:43
4 - 3% - 0% - 1:47
PP Forward
1 - 56% - 60% - 1:07
2 - 44% - 40% - 0:52
PP Defense
1 - 56% - 60% - 1:07
2 - 44% - 40% - 0:52
PK Forward
1 - 92% - 60% - 1:49
2 - 8% - 40% - 0:10
PK Defense
1 - 46% - 60% - 0:55
2 - 54% - 40% - 1:04
PK3 Forward
1 - 0% - 60%
2 - 0% - 40%
PK3 Defense
1 - 0% - 60%
2 - 0% - 40%
44 Forward
1 - 0% - 60%
2 - 0% - 40%
44 Defense
1 - 0% - 60%
2 - 0% - 40%
Last Minute Offensive  - 0:43
Last Minute Defensive  - 0:00
Total
Forward - 60:00
Defense - 60:00

Play by Play

1st period


0:01 of 1st period - Jean-Gabriel Pageau wins face-off versus Anze Kopitar in neutral zone.
0:03 of 1st period - Alexander Killorn is hit by Seth Jones and loses puck.
0:10 of 1st period - Shot by Brian Gionta.
0:10 of 1st period - Shot Misses the Net.
0:12 of 1st period - Shot by Alexander Killorn.
0:12 of 1st period - Shot Misses the Net.
0:20 of 1st period - Shot by Brian Gionta.
0:20 of 1st period - Stopped by Ryan Miller without a rebound.
0:21 of 1st period - Henrik Zetterberg wins face-off versus Calle Jarnkrok in Sharks zone.
0:52 of 1st period - Brooks Orpik is hit by Nick Bjugstad and loses puck.
1:03 of 1st period - Shot by Nikolay Kulemin.
1:03 of 1st period - Shot Misses the Net.
1:24 of 1st period - Mattias Janmark is hit by Jonathan Ericsson and loses puck.
1:31 of 1st period - Shot by Joffrey Lupul.
1:31 of 1st period - Stopped by Devan Dubnyk without a rebound.
1:32 of 1st period - Jean-Gabriel Pageau wins face-off versus Brooks Laich in Flyers zone.
1:41 of 1st period - Off-side.
1:42 of 1st period - Anze Kopitar wins face-off versus Chris VandeVelde in neutral zone.
1:45 of 1st period - Ryan White is hit by Charlie Coyle and loses puck.
2:02 of 1st period - Chris Tanev is hit by Ryan White and loses puck.
2:52 of 1st period - Sean Couturier is hit by Jean-Gabriel Pageau and loses puck.
3:17 of 1st period - Shot by Joffrey Lupul.
3:17 of 1st period - Stopped by Devan Dubnyk with a rebound.
3:21 of 1st period - Shot by Sean Couturier.
3:21 of 1st period - Shot Blocked by Ryan Ellis.
3:23 of 1st period - Shot by Mattias Janmark.
3:23 of 1st period - Stopped by Devan Dubnyk without a rebound.
3:24 of 1st period - Calle Jarnkrok wins face-off versus Brooks Laich in Flyers zone.
3:35 of 1st period - Shot by Calle Jarnkrok.
3:35 of 1st period - Shot Misses the Net.
3:37 of 1st period - Shot by Joel Ward.
3:37 of 1st period - Stopped by Ryan Miller without a rebound.
3:38 of 1st period - Henrik Zetterberg wins face-off versus Casey Cizikas in Sharks zone.
3:40 of 1st period - Icing by Nick Bjugstad.
3:41 of 1st period - Casey Cizikas wins face-off versus Henrik Zetterberg in Sharks zone.
4:00 of 1st period - Shot by Nikolay Kulemin.
4:00 of 1st period - Shot Hit the Post.
4:02 of 1st period - Shot by Nikolay Kulemin.
4:02 of 1st period - Stopped by Devan Dubnyk without a rebound.
4:03 of 1st period - Calle Jarnkrok wins face-off versus Brooks Laich in Flyers zone.
4:35 of 1st period - Shot by Marcus Johansson.
4:35 of 1st period - Stopped by Ryan Miller without a rebound.
4:36 of 1st period - Casey Cizikas wins face-off versus Henrik Zetterberg in Sharks zone.
4:46 of 1st period - Icing by Andrej Sustr.
4:47 of 1st period - Jean-Gabriel Pageau wins face-off versus Henrik Zetterberg in Sharks zone.
4:49 of 1st period - Alexander Killorn is hit by Marc Staal and loses puck.
5:15 of 1st period - Alexander Killorn is hit by Marc Staal and loses puck.
5:46 of 1st period - Shot by Matt Hendricks.
5:46 of 1st period - Shot Misses the Net.
5:48 of 1st period - Shot by Matt Hendricks.
5:48 of 1st period - Stopped by Ryan Miller with a rebound.
6:03 of 1st period - Matt Hendricks is hit by Marc Staal and loses puck.
6:40 of 1st period - Marcus Johansson is hit by Brenden Dillon.
6:41 of 1st period - Marcus Johansson from Flyers is injured at 6:41 of 1st period (Strained Right Knee).
6:42 of 1st period - Sean Couturier wins face-off versus Jean-Gabriel Pageau in Sharks zone.
6:57 of 1st period - Shot by Mattias Janmark.
6:57 of 1st period - Stopped by Devan Dubnyk without a rebound.
6:58 of 1st period - Calle Jarnkrok wins face-off versus Anze Kopitar in Flyers zone.
7:11 of 1st period - Shot by Sam Reinhart.
7:11 of 1st period - Shot Blocked by Calle Jarnkrok.
7:13 of 1st period - Shot by Anze Kopitar.
7:13 of 1st period - Shot Misses the Net.
7:31 of 1st period - Shot by Charlie Coyle.
7:31 of 1st period - Stopped by Devan Dubnyk without a rebound.
7:32 of 1st period - Casey Cizikas wins face-off versus Sean Couturier in Flyers zone.
7:46 of 1st period - Shot by Casey Cizikas.
7:46 of 1st period - Deflect By Shawn Matthias.
7:46 of 1st period - Shot Misses the Net.
7:48 of 1st period - Shot by Jonathan Ericsson.
7:48 of 1st period - Goal by Jonathan Ericsson - Flyers : 1 - Sharks : 0.
7:49 of 1st period - Chris VandeVelde wins face-off versus Brooks Laich in neutral zone.
7:52 of 1st period - Shot by Shawn Matthias.
7:52 of 1st period - Shot Misses the Net.
7:56 of 1st period - Shot by Ryan White.
7:56 of 1st period - Deflect By Chris VandeVelde.
7:56 of 1st period - Shot Misses the Net.
7:58 of 1st period - Shot by Ryan Ellis.
7:58 of 1st period - Shot Misses the Net.
8:02 of 1st period - Shot by Chris VandeVelde.
8:02 of 1st period - Stopped by Ryan Miller without a rebound.
8:03 of 1st period - Anze Kopitar wins face-off versus Calle Jarnkrok in Sharks zone.
8:03 of 1st period - Anze Kopitar is hit by Brian Gionta.
8:11 of 1st period - Calle Jarnkrok is hit by Brenden Dillon.
8:39 of 1st period - Sam Reinhart is hit by Ben Hutton and loses puck.
8:46 of 1st period - Shot by Sam Reinhart.
8:46 of 1st period - Stopped by Devan Dubnyk without a rebound.
8:47 of 1st period - Sean Couturier wins face-off versus Casey Cizikas in Flyers zone.
8:54 of 1st period - Shot by Mattias Janmark.
8:54 of 1st period - Stopped by Devan Dubnyk without a rebound.
8:55 of 1st period - Sean Couturier wins face-off versus Casey Cizikas in Flyers zone.
9:26 of 1st period - Shot by Matt Hendricks.
9:26 of 1st period - Stopped by Ryan Miller without a rebound.
9:27 of 1st period - Anze Kopitar wins face-off versus Jean-Gabriel Pageau in Sharks zone.
10:42 of 1st period - Shot by Joel Ward.
10:42 of 1st period - Shot Blocked by Andrej Sustr.
10:44 of 1st period - Shot by Calle Jarnkrok.
10:44 of 1st period - Stopped by Ryan Miller without a rebound.
10:45 of 1st period - Chris VandeVelde wins face-off versus Henrik Zetterberg in Sharks zone.
10:46 of 1st period - Shot by Ryan White.
10:46 of 1st period - Stopped by Ryan Miller without a rebound.
10:47 of 1st period - Chris VandeVelde wins face-off versus Henrik Zetterberg in Sharks zone.
11:12 of 1st period - Chris VandeVelde is hit by Nikolay Kulemin and loses puck.
12:21 of 1st period - Shot by Brian Gionta.
12:21 of 1st period - Stopped by Ryan Miller with a rebound.
12:23 of 1st period - Shot by Brian Gionta.
12:23 of 1st period - Shot Misses the Net.
12:25 of 1st period - Shot by Brooks Orpik.
12:25 of 1st period - Stopped by Ryan Miller with a rebound.
12:27 of 1st period - Shot by Brian Gionta.
12:27 of 1st period - Shot Misses the Net.
12:29 of 1st period - Shot by Alexander Killorn.
12:29 of 1st period - Stopped by Ryan Miller without a rebound.
12:30 of 1st period - Calle Jarnkrok wins face-off versus Sean Couturier in Sharks zone.
13:34 of 1st period - Shot by Sam Reinhart.
13:34 of 1st period - Shot Misses the Net.
13:37 of 1st period - Icing by Ben Hutton.
13:38 of 1st period - Henrik Zetterberg wins face-off versus Calle Jarnkrok in Flyers zone.
13:52 of 1st period - Ben Hutton is hit by Brenden Dillon and loses puck.
14:14 of 1st period - Minor Penalty to Nikolay Kulemin for Holding.
14:15 of 1st period - Jean-Gabriel Pageau wins face-off versus Sean Couturier in Sharks zone.
14:26 of 1st period - Shot by Brian Gionta.
14:26 of 1st period - Shot Misses the Net.
14:52 of 1st period - Shot by Jean-Gabriel Pageau.
14:52 of 1st period - Stopped by Ryan Miller without a rebound.
14:53 of 1st period - Sean Couturier wins face-off versus Jean-Gabriel Pageau in Sharks zone.
15:08 of 1st period - Shot by Joel Ward.
15:08 of 1st period - Stopped by Ryan Miller without a rebound.
15:09 of 1st period - Jean-Gabriel Pageau wins face-off versus Sean Couturier in Sharks zone.
15:09 of 1st period - Andrew MacDonald is hit by Andrej Sustr and loses puck.
15:16 of 1st period - Shot by Joel Ward.
15:16 of 1st period - Stopped by Ryan Miller without a rebound.
15:17 of 1st period - Sean Couturier wins face-off versus Casey Cizikas in Sharks zone.
17:14 of 1st period - Shot by Ryan White.
17:14 of 1st period - Stopped by Ryan Miller without a rebound.
17:15 of 1st period - Sean Couturier wins face-off versus Casey Cizikas in Sharks zone.
17:42 of 1st period - Shot by Joffrey Lupul.
17:42 of 1st period - Stopped by Devan Dubnyk without a rebound.
17:43 of 1st period - Jean-Gabriel Pageau wins face-off versus Anze Kopitar in Flyers zone.
17:43 of 1st period - Jean-Gabriel Pageau is hit by Charlie Coyle.
19:44 of 1st period - Icing by Nikolay Kulemin.
19:45 of 1st period - Nick Bjugstad wins face-off versus Casey Cizikas in Sharks zone.
19:45 of 1st period - Nick Bjugstad is hit by Matt Hendricks.
19:54 of 1st period - Icing by Matt Hendricks.
19:55 of 1st period - Anze Kopitar wins face-off versus Casey Cizikas in Flyers zone.
19:58 of 1st period - Shot by Sam Reinhart.
19:58 of 1st period - Stopped by Devan Dubnyk with a rebound.
Goals for this period are 1 for Flyers vs 0 for Sharks.
Shots for this period are 16 for Flyers vs 10 for Sharks.

2nd period


0:01 of 2nd period - Anze Kopitar wins face-off versus Casey Cizikas in neutral zone.
0:37 of 2nd period - Casey Cizikas is hit by Seth Jones and loses puck.
1:09 of 2nd period - Shot by Alexander Killorn.
1:09 of 2nd period - Shot Misses the Net.
1:11 of 2nd period - Shot by Brooks Orpik.
1:11 of 2nd period - Shot Misses the Net.
1:13 of 2nd period - Shot by Brian Gionta.
1:13 of 2nd period - Shot Misses the Net.
1:15 of 2nd period - Shot by Jean-Gabriel Pageau.
1:15 of 2nd period - Shot Blocked by Marc Staal.
1:17 of 2nd period - Shot by Jean-Gabriel Pageau.
1:17 of 2nd period - Stopped by Ryan Miller without a rebound.
1:18 of 2nd period - Calle Jarnkrok wins face-off versus Henrik Zetterberg in Sharks zone.
1:22 of 2nd period - Icing by Zbynek Michalek.
1:23 of 2nd period - Henrik Zetterberg wins face-off versus Calle Jarnkrok in Sharks zone.
1:50 of 2nd period - Shot by Joel Ward.
1:50 of 2nd period - Shot Misses the Net.
1:52 of 2nd period - Shot by Joel Ward.
1:52 of 2nd period - Shot Misses the Net.
3:14 of 2nd period - Shot by Sean Couturier.
3:14 of 2nd period - Stopped by Devan Dubnyk without a rebound.
3:15 of 2nd period - Chris VandeVelde wins face-off versus Brooks Laich in Flyers zone.
4:48 of 2nd period - Icing by Brooks Orpik.
4:49 of 2nd period - Jean-Gabriel Pageau wins face-off versus Anze Kopitar in Flyers zone.
5:10 of 2nd period - Shot by Joel Ward.
5:10 of 2nd period - Goal by Joel Ward - Flyers : 2 - Sharks : 0.
5:11 of 2nd period - Henrik Zetterberg wins face-off versus Calle Jarnkrok in neutral zone.
5:20 of 2nd period - Andrej Sustr is hit by Alexander Killorn and loses puck.
5:29 of 2nd period - Shot by Calle Jarnkrok.
5:29 of 2nd period - Deflect By Joel Ward.
5:29 of 2nd period - Shot Misses the Net.
5:53 of 2nd period - Shot by Casey Cizikas.
5:53 of 2nd period - Stopped by Ryan Miller with a rebound.
6:39 of 2nd period - Shot by Calle Jarnkrok.
6:39 of 2nd period - Shot Misses the Net.
6:41 of 2nd period - Shot by Brooks Orpik.
6:41 of 2nd period - Shot Misses the Net.
6:49 of 2nd period - Shot by Calle Jarnkrok.
6:49 of 2nd period - Stopped by Ryan Miller with a rebound.
6:51 of 2nd period - Shot by Brooks Orpik.
6:51 of 2nd period - Shot Misses the Net.
6:53 of 2nd period - Shot by Brooks Orpik.
6:53 of 2nd period - Stopped by Ryan Miller without a rebound.
6:54 of 2nd period - Anze Kopitar wins face-off versus Chris VandeVelde in Sharks zone.
7:18 of 2nd period - Icing by Chris Tanev.
7:19 of 2nd period - Anze Kopitar wins face-off versus Casey Cizikas in Sharks zone.
7:19 of 2nd period - Anze Kopitar is hit by Casey Cizikas.
7:43 of 2nd period - Shot by Sam Reinhart.
7:43 of 2nd period - Stopped by Devan Dubnyk without a rebound.
7:44 of 2nd period - Sean Couturier wins face-off versus Calle Jarnkrok in Flyers zone.
7:47 of 2nd period - Shot by Sean Couturier.
7:47 of 2nd period - Stopped by Devan Dubnyk without a rebound.
7:48 of 2nd period - Sean Couturier wins face-off versus Calle Jarnkrok in Flyers zone.
7:59 of 2nd period - Shot by Joffrey Lupul.
7:59 of 2nd period - Stopped by Devan Dubnyk without a rebound.
8:00 of 2nd period - Brooks Laich wins face-off versus Calle Jarnkrok in Flyers zone.
8:00 of 2nd period - Dave Bolland is hit by Andrew MacDonald and loses puck.
8:09 of 2nd period - Shot by Brooks Laich.
8:09 of 2nd period - Shot Misses the Net.
8:37 of 2nd period - Icing by Brooks Laich.
8:38 of 2nd period - Brooks Laich wins face-off versus Casey Cizikas in Sharks zone.
9:16 of 2nd period - Icing by Tom Wilson.
9:17 of 2nd period - Jean-Gabriel Pageau wins face-off versus Brooks Laich in Sharks zone.
9:29 of 2nd period - Icing by Brian Gionta.
9:30 of 2nd period - Anze Kopitar wins face-off versus Jean-Gabriel Pageau in Flyers zone.
9:41 of 2nd period - Shot by Jean-Gabriel Pageau.
9:41 of 2nd period - Shot Blocked by Andrej Sustr.
9:43 of 2nd period - Shot by Brooks Orpik.
9:43 of 2nd period - Shot Misses the Net.
9:55 of 2nd period - Shot by Alexander Killorn.
9:55 of 2nd period - Stopped by Ryan Miller without a rebound.
9:56 of 2nd period - Joffrey Lupul wins face-off versus Casey Cizikas in Sharks zone.
10:09 of 2nd period - Shot by Mattias Janmark.
10:09 of 2nd period - Shot Blocked by Matt Hendricks.
10:23 of 2nd period - Shot by Mattias Janmark.
10:23 of 2nd period - Stopped by Devan Dubnyk with a rebound.
10:54 of 2nd period - Shot by Alexander Killorn.
10:54 of 2nd period - Shot Misses the Net.
12:21 of 2nd period - Icing by Brooks Orpik.
12:22 of 2nd period - Brooks Laich wins face-off versus Calle Jarnkrok in Flyers zone.
12:39 of 2nd period - Dave Bolland is hit by Shawn Matthias and loses puck.
13:07 of 2nd period - Icing by Dan Boyle.
13:08 of 2nd period - Anze Kopitar wins face-off versus Calle Jarnkrok in Flyers zone.
13:23 of 2nd period - Shot by Anze Kopitar.
13:23 of 2nd period - Stopped by Devan Dubnyk with a rebound.
13:25 of 2nd period - Shot by Anze Kopitar.
13:25 of 2nd period - Shot Misses the Net.
13:52 of 2nd period - Icing by Brooks Orpik.
13:53 of 2nd period - Henrik Zetterberg wins face-off versus Calle Jarnkrok in Flyers zone.
14:05 of 2nd period - Icing by Brooks Orpik.
14:06 of 2nd period - Calle Jarnkrok wins face-off versus Sean Couturier in Flyers zone.
14:40 of 2nd period - Off-side.
14:41 of 2nd period - Nick Bjugstad wins face-off versus Jean-Gabriel Pageau in neutral zone.
15:11 of 2nd period - Shot by Ryan Ellis.
15:11 of 2nd period - Deflect By Jean-Gabriel Pageau.
15:11 of 2nd period - Shot Misses the Net.
15:17 of 2nd period - Shot by Alexander Killorn.
15:17 of 2nd period - Shot Blocked by Marc Staal.
15:59 of 2nd period - Casey Cizikas is hit by Seth Jones and loses puck.
16:28 of 2nd period - Shot by Alexander Killorn.
16:28 of 2nd period - Stopped by Ryan Miller without a rebound.
16:29 of 2nd period - Sean Couturier wins face-off versus Calle Jarnkrok in Sharks zone.
16:29 of 2nd period - Sean Couturier is hit by Joel Ward.
17:33 of 2nd period - Shot by Ryan White.
17:33 of 2nd period - Shot Misses the Net.
17:47 of 2nd period - Shot by Tom Wilson.
17:47 of 2nd period - Goal by Tom Wilson - Flyers : 2 - Sharks : 1.
17:48 of 2nd period - Jean-Gabriel Pageau wins face-off versus Anze Kopitar in neutral zone.
18:11 of 2nd period - Shot by Jean-Gabriel Pageau.
18:11 of 2nd period - Deflect By Brian Gionta.
18:11 of 2nd period - Stopped by Ryan Miller without a rebound.
18:12 of 2nd period - Calle Jarnkrok wins face-off versus Henrik Zetterberg in Sharks zone.
18:22 of 2nd period - Shot by Nikolay Kulemin.
18:22 of 2nd period - Shot Misses the Net.
18:24 of 2nd period - Shot by Nikolay Kulemin.
18:24 of 2nd period - Stopped by Devan Dubnyk without a rebound.
18:25 of 2nd period - Anze Kopitar wins face-off versus Casey Cizikas in Flyers zone.
18:30 of 2nd period - Shot by Charlie Coyle.
18:30 of 2nd period - Stopped by Devan Dubnyk without a rebound.
18:31 of 2nd period - Henrik Zetterberg wins face-off versus Calle Jarnkrok in Flyers zone.
19:00 of 2nd period - Shot by Henrik Zetterberg.
19:00 of 2nd period - Shot Misses the Net.
19:02 of 2nd period - Shot by Seth Jones.
19:02 of 2nd period - Stopped by Devan Dubnyk without a rebound.
19:03 of 2nd period - Casey Cizikas wins face-off versus Anze Kopitar in Flyers zone.
19:18 of 2nd period - Shot by Casey Cizikas.
19:18 of 2nd period - Stopped by Ryan Miller without a rebound.
19:19 of 2nd period - Sean Couturier wins face-off versus Chris VandeVelde in Sharks zone.
19:38 of 2nd period - Chris VandeVelde is hit by Joffrey Lupul and loses puck.
19:58 of 2nd period - Icing by Brenden Dillon.
19:59 of 2nd period - Jean-Gabriel Pageau wins face-off versus Sean Couturier in Sharks zone.
Goals for this period are 1 for Flyers vs 1 for Sharks.
Shots for this period are 9 for Flyers vs 10 for Sharks.

3rd period


0:01 of 3rd period - Anze Kopitar wins face-off versus Jean-Gabriel Pageau in neutral zone.
0:34 of 3rd period - Ryan Ellis is hit by Charlie Coyle and loses puck.
0:40 of 3rd period - Icing by Ryan Ellis.
0:41 of 3rd period - Henrik Zetterberg wins face-off versus Jean-Gabriel Pageau in Flyers zone.
1:14 of 3rd period - Shot by Nikolay Kulemin.
1:14 of 3rd period - Stopped by Devan Dubnyk without a rebound.
1:15 of 3rd period - Sean Couturier wins face-off versus Casey Cizikas in Flyers zone.
1:43 of 3rd period - Shot by Shawn Matthias.
1:43 of 3rd period - Shot Misses the Net.
1:56 of 3rd period - Icing by Zbynek Michalek.
1:57 of 3rd period - Sean Couturier wins face-off versus Calle Jarnkrok in Sharks zone.
2:30 of 3rd period - Shot by Alexander Killorn.
2:30 of 3rd period - Shot Misses the Net.
2:43 of 3rd period - Off-side.
2:44 of 3rd period - Chris VandeVelde wins face-off versus Anze Kopitar in neutral zone.
2:44 of 3rd period - Chris VandeVelde is hit by Charlie Coyle.
2:48 of 3rd period - Chris Tanev is hit by Ryan White.
3:02 of 3rd period - Shot by Anze Kopitar.
3:02 of 3rd period - Deflect By Charlie Coyle.
3:02 of 3rd period - Stopped by Devan Dubnyk without a rebound.
3:03 of 3rd period - Casey Cizikas wins face-off versus Henrik Zetterberg in Flyers zone.
3:10 of 3rd period - Shot by Henrik Zetterberg.
3:10 of 3rd period - Stopped by Devan Dubnyk without a rebound.
3:11 of 3rd period - Anze Kopitar wins face-off versus Calle Jarnkrok in Flyers zone.
3:42 of 3rd period - Shot by Sam Reinhart.
3:42 of 3rd period - Deflect By Anze Kopitar.
3:42 of 3rd period - Stopped by Devan Dubnyk with a rebound.
3:44 of 3rd period - Shot by Charlie Coyle.
3:44 of 3rd period - Stopped by Devan Dubnyk with a rebound.
3:46 of 3rd period - Shot by Anze Kopitar.
3:46 of 3rd period - Stopped by Devan Dubnyk without a rebound.
3:47 of 3rd period - Casey Cizikas wins face-off versus Henrik Zetterberg in Flyers zone.
3:58 of 3rd period - Shot by Casey Cizikas.
3:58 of 3rd period - Stopped by Ryan Miller without a rebound.
3:59 of 3rd period - Brooks Laich wins face-off versus Chris VandeVelde in Sharks zone.
4:56 of 3rd period - Shot by Brian Gionta.
4:56 of 3rd period - Shot Misses the Net.
5:39 of 3rd period - Shot by Nikolay Kulemin.
5:39 of 3rd period - Shot Misses the Net.
5:53 of 3rd period - Shot by Joel Ward.
5:53 of 3rd period - Stopped by Ryan Miller without a rebound.
5:54 of 3rd period - Anze Kopitar wins face-off versus Calle Jarnkrok in Sharks zone.
6:01 of 3rd period - Shot by Anze Kopitar.
6:01 of 3rd period - Stopped by Devan Dubnyk without a rebound.
6:02 of 3rd period - Anze Kopitar wins face-off versus Calle Jarnkrok in Flyers zone.
6:02 of 3rd period - Sam Reinhart is hit by Brooks Orpik and loses puck.
6:05 of 3rd period - Shot by Anze Kopitar.
6:05 of 3rd period - Stopped by Devan Dubnyk with a rebound.
6:29 of 3rd period - Sam Reinhart is hit by Brooks Orpik and loses puck.
6:46 of 3rd period - Shot by Anze Kopitar.
6:46 of 3rd period - Deflect By Sam Reinhart.
6:46 of 3rd period - Shot Misses the Net.
7:33 of 3rd period - Shot by Joffrey Lupul.
7:33 of 3rd period - Stopped by Devan Dubnyk without a rebound.
7:34 of 3rd period - Chris VandeVelde wins face-off versus Henrik Zetterberg in Flyers zone.
7:34 of 3rd period - Chris VandeVelde is hit by Nikolay Kulemin.
7:53 of 3rd period - Icing by Zbynek Michalek.
7:54 of 3rd period - Henrik Zetterberg wins face-off versus Jean-Gabriel Pageau in Sharks zone.
9:19 of 3rd period - Shot by Calle Jarnkrok.
9:19 of 3rd period - Stopped by Ryan Miller without a rebound.
9:20 of 3rd period - Casey Cizikas wins face-off versus Sean Couturier in Sharks zone.
10:39 of 3rd period - Shot by Joel Ward.
10:39 of 3rd period - Shot Misses the Net.
11:25 of 3rd period - Chris VandeVelde is hit by Brenden Dillon.
11:31 of 3rd period - Shot by Chris VandeVelde.
11:31 of 3rd period - Stopped by Ryan Miller without a rebound.
11:32 of 3rd period - Casey Cizikas wins face-off versus Henrik Zetterberg in Sharks zone.
11:35 of 3rd period - Shot by Shawn Matthias.
11:35 of 3rd period - Stopped by Ryan Miller without a rebound.
11:36 of 3rd period - Henrik Zetterberg wins face-off versus Shawn Matthias in Sharks zone.
12:28 of 3rd period - Off-side.
12:29 of 3rd period - Calle Jarnkrok wins face-off versus Anze Kopitar in neutral zone.
12:44 of 3rd period - Charlie Coyle is hit by Brooks Orpik and loses puck.
12:49 of 3rd period - Shot by Anze Kopitar.
12:49 of 3rd period - Shot Blocked by Dan Boyle.
12:50 of 3rd period - Minor Penalty to Brooks Orpik for Hooking.
12:51 of 3rd period - Casey Cizikas wins face-off versus Sam Reinhart in Flyers zone.
13:45 of 3rd period - Shot by Zbynek Michalek.
13:45 of 3rd period - Stopped by Devan Dubnyk without a rebound.
13:46 of 3rd period - Calle Jarnkrok wins face-off versus Henrik Zetterberg in Flyers zone.
14:35 of 3rd period - Shot by Charlie Coyle.
14:35 of 3rd period - Stopped by Devan Dubnyk without a rebound.
14:36 of 3rd period - Casey Cizikas wins face-off versus Anze Kopitar in Flyers zone.
15:41 of 3rd period - Icing by Sean Couturier.
15:42 of 3rd period - Jean-Gabriel Pageau wins face-off versus Sean Couturier in Sharks zone.
15:43 of 3rd period - Shot by Brian Gionta.
15:43 of 3rd period - Shot Misses the Net.
16:16 of 3rd period - Shot by Sam Reinhart.
16:16 of 3rd period - Stopped by Devan Dubnyk with a rebound.
16:32 of 3rd period - Brian Gionta is hit by Anze Kopitar and loses puck.
16:37 of 3rd period - Shot by Sam Reinhart.
16:37 of 3rd period - Shot Misses the Net.
16:46 of 3rd period - Jean-Gabriel Pageau is hit by Nikolay Kulemin and loses puck.
16:55 of 3rd period - Shot by Henrik Zetterberg.
16:55 of 3rd period - Shot Misses the Net.
17:23 of 3rd period - Shawn Matthias is hit by Marc Staal and loses puck.
17:42 of 3rd period - Shot by Shawn Matthias.
17:42 of 3rd period - Shot Misses the Net.
17:45 of 3rd period - Icing by Nick Bjugstad.
17:46 of 3rd period - Calle Jarnkrok wins face-off versus Nick Bjugstad in Sharks zone.
17:46 of 3rd period - Calle Jarnkrok is hit by Marc Staal.
18:06 of 3rd period - Shot by Joel Ward.
18:06 of 3rd period - Stopped by Ryan Miller without a rebound.
18:07 of 3rd period - Anze Kopitar wins face-off versus Calle Jarnkrok in Sharks zone.
18:12 of 3rd period - Shot by Anze Kopitar.
18:12 of 3rd period - Shot Hit the Post.
18:16 of 3rd period - Shot by Charlie Coyle.
18:16 of 3rd period - Shot Misses the Net.
18:18 of 3rd period - Shot by Anze Kopitar.
18:18 of 3rd period - Stopped by Devan Dubnyk without a rebound.
18:19 of 3rd period - Calle Jarnkrok wins face-off versus Brooks Laich in Flyers zone.
18:19 of 3rd period - Calle Jarnkrok is hit by Tom Wilson.
18:27 of 3rd period - Shot by Joel Ward.
18:27 of 3rd period - Stopped by Ryan Miller with a rebound.
18:47 of 3rd period - Shot by Tom Wilson.
18:47 of 3rd period - Shot Misses the Net.
18:49 of 3rd period - Shot by Zbynek Michalek.
18:49 of 3rd period - Stopped by Devan Dubnyk without a rebound.
18:50 of 3rd period - Anze Kopitar wins face-off versus Casey Cizikas in Flyers zone.
18:52 of 3rd period - Sam Reinhart is hit by Brooks Orpik and loses puck.
18:56 of 3rd period - Charlie Coyle is hit by Dan Boyle and loses puck.
19:01 of 3rd period - Sharks, Ryan Miller is pulled from the net.
19:03 of 3rd period - Shot by Anze Kopitar.
19:03 of 3rd period - Shot Misses the Net.
19:11 of 3rd period - Shot by Sam Reinhart.
19:11 of 3rd period - Shot Blocked by Brooks Orpik.
19:16 of 3rd period - Icing by Brooks Orpik.
19:17 of 3rd period - Anze Kopitar wins face-off versus Casey Cizikas in Flyers zone.
19:23 of 3rd period - Charlie Coyle is hit by Dan Boyle and loses puck.
19:27 of 3rd period - Icing by Dan Boyle.
19:28 of 3rd period - Anze Kopitar wins face-off versus Casey Cizikas in Flyers zone.
19:28 of 3rd period - Anze Kopitar is hit by Brooks Orpik.
19:30 of 3rd period - Shot by Seth Jones.
19:30 of 3rd period - Shot Hit the Post.
19:55 of 3rd period - Off-side.
19:56 of 3rd period - Anze Kopitar wins face-off versus Calle Jarnkrok in neutral zone.
Goals for this period are 0 for Flyers vs 0 for Sharks.
Shots for this period are 7 for Flyers vs 14 for Sharks.